 Dungeon Crawl Stone Soup version 0.21-a0-283-g622b906 (webtiles) character file.

211 Atlas the Cutter (level 5, 0/42 HPs)
             Began as a Vine Stalker Berserker on Sept 24, 2017.
             Was a Priest of Trog.
             Succumbed to an adder's poison
             ... on level 3 of the Dungeon.
             The game lasted 00:04:01 (2043 turns).

Atlas the Cutter (Vine Stalker Berserker)           Turns: 2043, Time: 00:04:01

Health: 0/42       AC:  7    Str: 24    XL:     5   Next: 88%
Magic:  0/6        EV: 12    Int: 10    God:    Trog [***...]
Gold:   168        SH:  0    Dex: 15    Spells: 4/4 levels left

rFire    . . .     SeeInvis .   a - +0 short sword
rCold    . . .     Gourm    .   (no shield)
rNeg     . . .     Faith    .   q - +0 ring mail
rPois    .         Spirit   +   r - +1 hat
rElec    .         Reflect  .   h - +0 cloak
rCorr    .         Harm     .   (no gloves)
MR       .....                  (no boots)
Stlth    ..........             (no amulet)
HPRegen  0.54/turn              t - ring of flight
MPRegen  0.10/turn              g - +3 ring of intelligence (curse)

@: berserking, lethally poisoned (0 -> -1), very quick
A: fangs 2, regeneration 1, magic shield, antimagic bite, no potion heal 3, rot
immunity
a: Berserk, Trog's Hand, Burn Spellbooks, Renounce Religion, Evoke Flight


You were on level 3 of the Dungeon.
You worshipped Trog.
Trog was most pleased with you.
You were not hungry.

You visited 1 branch of the dungeon, and saw 3 of its levels.

You collected 168 gold pieces.

Inventory:

Hand Weapons
 a - a +0 short sword (weapon)
Armour
 b - a +0 helmet
 h - a +0 cloak (worn)
 q - a +0 ring mail (worn)
 r - a +1 hat (worn)
Jewellery
 g - a cursed +3 ring of intelligence (right hand)
 t - a ring of flight (left hand)
Scrolls
 e - 3 scrolls of teleportation {unknown}
 s - a scroll of recharging {unknown}
 u - a scroll of enchant armour {unknown}
 v - a scroll of remove curse {unknown}
Potions
 j - 2 potions of heal wounds
 l - 2 potions of degeneration
 m - 2 potions of lignification
 n - a potion of agility
 p - a potion of curing
Comestibles
 c - a bread ration
 f - a royal jelly
 i - a fruit


   Skills:
 + Level 3.5 Fighting
 + Level 4.2 Short Blades
 + Level 2.0 Armour
 + Level 2.5 Dodging
 * Level 2.0 Stealth


You had 4 spell levels left.
You didn't know any spells.

Dungeon Overview and Level Annotations

Branches:
Dungeon (3/15)

Altars:
Dithmenos

Annotations:
D:3 Sigmund


Innate Abilities, Weirdness & Mutations

You have extremely sharp teeth.
Your natural rate of healing is unusually fast.
When hurt, damage is shared between your health and your magic reserves.
Your bite disrupts and absorbs the magic of your enemies.
Potions cannot restore your health.
You are immune to rotting.


Message History

Found a stone staircase leading down.
A red film seems to cover your vision as you go berserk!
You feel yourself moving faster!
You feel mighty!
The hobgoblin shouts!
The hobgoblin misses you.
A gnoll comes into view. It is wielding a halberd.
You puncture the hobgoblin!
You kill the hobgoblin!
Trog accepts your kill.
* * * LOW HITPOINT WARNING * * *
You feel sick.
Unknown command.
The kobold barely misses you. Something hits you.
* * * LOW HITPOINT WARNING * * *
Things that are here:
a club; a hobgoblin corpse You puncture the kobold!
You kill the kobold!
Trog accepts your kill.
You die...

###.........##.#......#
#P.P###.##.#.####.#
#..##P .@...#K# ##.###
..# ##.####.# ..... ###
..# #.##.#.# . ..#
#......###. ## ###
##......... #..#....g.
#@###..###. ##)#..?...>
##..##### #..........
#.##.##.g>. #. ?# ... #
.# . ##


You could see a gnoll.

Vanquished Creatures
  The ghost of Banquo the Chiller, an amateur MfIE (D:3)
  Terence (D:2)
  Robin (D:2)
  An adder (D:3)
  2 dart slugs
  2 leopard geckos
  3 orcs (D:3)
  8 bats
  4 giant cockroaches
  13 goblins
  15 hobgoblins
  2 jackals (D:2)
  9 kobolds
  A quokka (D:2)
  A ball python (D:1)
  3 frilled lizards
  5 rats
72 creatures vanquished.

Notes
Turn   | Place    | Note
-------+----------+-------------------------------------------
     0 | D:1      | Atlas the Vine Stalker Berserker began the quest for the Orb.
     0 | D:1      | Reached XP level 1. HP: 11/11 MP: 2/2
   124 | D:1      | Reached XP level 2. HP: 11/16 MP: 3/3
   125 | D:1      | Reached skill level 3 in Short Blades
   485 | D:1      | Reached XP level 3. HP: 20/20 MP: 4/4
   535 | D:1      | Reached ** piety under Trog
   979 | D:2      | Noticed Terence
   999 | D:2      | HP: 1/20 [Terence/trident (3)]
  1000 | D:2      | Killed Terence
  1000 | D:2      | Gained mutation: Your natural rate of healing is unusually fast. [Vine Stalker growth]
  1000 | D:2      | Reached XP level 4. HP: 2/24 MP: 5/5
  1168 | D:2      | Noticed Robin
  1182 | D:2      | Killed Robin
  1695 | D:2      | Reached *** piety under Trog
  1759 | D:2      | Found a shadowy altar of Dithmenos.
  1903 | D:3      | Reached XP level 5. HP: 28/28 MP: 6/6
  1915 | D:3      | Noticed Banquo's ghost (amateur MfIE)
  1932 | D:3      | Killed Banquo's ghost
  1932 | D:3      | Reached skill level 4 in Short Blades
  1932 | D:3      | Reached skill level 1 in Stealth
  2004 | D:3      | Noticed Sigmund
  2038 | D:3      | HP: 1/28 [poisoned by an adder]
  2043 | D:3      | Succumbed to an adder's poison

Vault maps used:
D:1:      dpeg_arrival_rhombi, minivault_25, corexii_item_surrounded_by_moat,
          glass_columns_a
D:2:      nicolae_dithmenos_through_a_glass_darkly, uniq_terence, uniq_robin
D:3:      grunt_temple_overflow_growth_and_decay, kennysheep_generic_room_14,
          uniq_sigmund

Skill      XL: |  1  2  3  4  5 |
---------------+----------------+-----
Short Blades   | 3 4 |  4.2
Fighting       | 3 |  3.5
Dodging        | 2 |  2.5
Armour         | 2 |  2.0
Stealth        | 2 |  2.0

Action                   |  1- 3 |  4- 6 || total
-------------------------+-------+-------++-------
Melee: Short sword       |    97 |   120 ||   217
       Bite              |    34 |    42 ||    76
Invok: Berserk           |       |     1 ||     1
  Use: Scroll            |       |     7 ||     7
       Potion            |       |     1 ||     1
 Stab: Sleeping          |     1 |       ||     1
  Eat: Chunk             |       |     5 ||     5
Armor: Animal skin       |    15 |     3 ||    18
       Ring mail         |       |    44 ||    44
Dodge: Dodged            |    57 |    73 ||   130

Table legend:
 A = Spawn XP
 B = Non-spawn XP
 C = Spawn XP percentage of total XP
 D = Spawn monster count
 E = Non-spawn monster count
 F = Spawn count percentage of total count
 G = Total turns spent on level
                    A         B        C        D         E        F      G
               +---------+---------+-------+---------+---------+-------+---------
         Total |       0 |     302 |   0.0 |       0 |      72 |   0.0 |  2043
               +---------+---------+-------+---------+---------+-------+---------
           D:1 |       0 |      56 |   0.0 |       0 |      32 |   0.0 |   979
           D:2 |       0 |     107 |   0.0 |       0 |      31 |   0.0 |   918
           D:3 |       0 |     139 |   0.0 |       0 |       9 |   0.0 |   146
               +---------+---------+-------+---------+---------+-------+---------
